 Dungeon Crawl Stone Soup version 0.31.0-9-g3a7656b989 (webtiles) character file.

Game seed: 5636656551856954235

42 qw the Shooter (level 3, -1/20 HPs)
             Began as a Deep Elf Hunter on Feb 2, 2024.
             Succumbed to their own poison gas
             ... on level 2 of the Dungeon.
             The game lasted 00:00:05 (1289 turns).

qw the Shooter (Deep Elf Hunter)                    Turns: 1289, Time: 00:00:06

Health: -1/20      AC:  8    Str: 10    XL:     3   Next: 35%
Magic:  5/5        EV: 11    Int: 13    God:
Gold:   188        SH:  0    Dex: 18    Spells: 2/2 levels left

rFire   . . .        a - +1 shortbow
rCold   . . .        (shield currently unavailable)
rNeg    . . .        e - +2 ring mail
rPois   .            (no helmet)
rElec   .            (no cloak)
rCorr   .            f - +0 pair of gloves
SInv    .            (no boots)
Will    .....        (no amulet)
Stlth   +            (no ring)
HPRegen 0.23/turn    (no ring)
MPRegen 0.09/turn

%: no passive effects
@: lethally poisoned (-1 -> -12)
A: no striking features
a: no special abilities


You were on level 2 of the Dungeon.
You visited 1 branch of the dungeon, and saw 2 of its levels.

You collected 188 gold pieces.


   Skills:
 - Level 1.5 Fighting
 + Level 6.9 Ranged Weapons
 - Level 2.4 Dodging
 - Level 1.2 Stealth


You had 2 spell levels left.
You didn't know any spells.
Your spell library was empty.

Inventory:

Hand Weapons
 a - a +1 shortbow (weapon)
Armour
 e - a +2 ring mail (worn)
 f - a +0 pair of gloves (worn)

Dungeon Overview and Level Annotations

Branches:
Dungeon (2/15)

Altars:


Message History

1278 ||| UPGRADING to +0 pair of gloves.
You start putting on your armour.
You continue putting on your +0 pair of gloves. x4
You finish putting on your +0 pair of gloves.
Done exploring.
1283 ||| READING scroll of identify.
1283 ||| IDENTIFYING scroll labelled KEBUQ FAGOUDOM
As you read the scroll of identify, it crumbles to dust.
b - a scroll of noise Done exploring.
1284 ||| READING scroll labelled TELLIE HAAME.
The air fills with toxic fumes!
As you read the scroll labelled TELLIE HAAME, it crumbles to dust.
It was a scroll of poison.
Done exploring.
1285 ||| DROPPING scroll of noise.
You drop a scroll of noise.
Done exploring.
What level of the Dungeon? (default 2, ? - help) Sorry, I don't know how to get there.
Enter note:
Enter note:
Enter note:
Enter note:
Enter note:
Enter note:
Enter note:
Enter note:
Enter note:
Enter note:
Enter note:
Enter note: You are engulfed in poison gas.
You are lethally poisoned!
You feel very sick.
1287 ||| Stepping ~*~*~tactically~*~*~ (cloud).
You feel very sick.
There is a lethal amount of poison in your body!
You feel very sick.
There is a lethal amount of poison in your body!
You die...

#.............#....##.#
#.........#...#..#.##.#
#................#.##.####
#.........#...##.#.##.#...
#.........#.#.........#...
#.........#....#.####.#...
#####>................'...
###..###.#........#...
##.@¤#.#....%.#.#...
#####¤#.#.#<.#.#.#...
#...?¤¤¤#.####.#.#...
################.##¤¤¤...........
.........[...# #.##.#¤¤¤.........
.............# #.##.######.#..###
.............# #...........#..#
..........#### ##################
..........### ####......


There were no monsters in sight!

Vanquished Creatures
  An adder (D:2)
  3 bats
  2 endoplasms
  A giant cockroach (D:1)
  5 goblins
  4 hobgoblins
  4 jackals (D:1)
  A kobold (D:1)
  A quokka (D:2)
  2 ball pythons (D:1)
  A frilled lizard (D:2)
  2 rats (D:2)
27 creatures vanquished.

Notes
Turn   | Place    | Note
-------+----------+-------------------------------------------
     0 | D:1      | qw the Deep Elf Hunter began the quest for the Orb.
     0 | D:1      | Reached XP level 1. HP: 12/12 MP: 3/3
     0 | D:1      | 0 ||| qw: Version: 0.3-a-155-g5e7d8dd
     0 | D:1      | 0 ||| qw: Game counter: 1261
     0 | D:1      | 0 ||| qw: Melee chars always use a shield: true
     0 | D:1      | 0 ||| qw: God list: Okawaru
     0 | D:1      | 0 ||| qw: Allow faded altars: false
     0 | D:1      | 0 ||| qw: Do Orc after clearing Dungeon:15 true
     0 | D:1      | 0 ||| qw: Do second Lair branch before Depths: true
     0 | D:1      | 0 ||| qw: Lair rune preference: random
     0 | D:1      | 0 ||| qw: Goals: Normal
     0 | D:1      | 0 ||| PLANNING D:1-11
     2 | D:1      | Noticed a formicid
     2 | D:1      | Noticed a human
     4 | D:1      | Noticed an oni
     4 | D:1      | Noticed an armataur
     6 | D:1      | Noticed a barachi
     8 | D:1      | Noticed a felid
     8 | D:1      | Noticed a minotaur
    10 | D:1      | Noticed a troll
    10 | D:1      | Noticed a demigod
    12 | D:1      | Noticed a merfolk
    12 | D:1      | Noticed a vine stalker
    14 | D:1      | Noticed a gargoyle
    16 | D:1      | Noticed a djinni
    16 | D:1      | Noticed a tengu
    18 | D:1      | Noticed a naga
    18 | D:1      | Noticed a vampire
    20 | D:1      | Noticed a spriggan
    20 | D:1      | Noticed a demonspawn
    22 | D:1      | Noticed an octopode
    22 | D:1      | Noticed a ghoul
    24 | D:1      | Noticed a draconian
    26 | D:1      | Noticed an elf
   160 | D:1      | 160 ||| RETREEEEATING.
   161 | D:1      | 161 ||| RETREEEEATING.
   162 | D:1      | 162 ||| RETREEEEATING.
   163 | D:1      | 163 ||| RETREEEEATING.
   164 | D:1      | 164 ||| RETREEEEATING.
   165 | D:1      | 165 ||| RETREEEEATING.
   168 | D:1      | Reached XP level 2. HP: 16/16 MP: 4/4
   171 | D:1      | Reached skill level 6 in Ranged Weapons
   594 | D:1      | 594 ||| UPGRADING to +0 ring mail.
   604 | D:1      | 604 ||| DROPPING +0 leather armour.
   605 | D:1      | 605 ||| READING scroll labelled NOTHRO ROGUMONUT.
   706 | D:1      | 706 ||| READING 2 scrolls labelled MODOAV QAALO.
   706 | D:1      | 706 ||| IDENTIFYING ruby potion
   707 | D:1      | 707 ||| READING scroll of identify.
   707 | D:1      | 707 ||| IDENTIFYING purple potion
   708 | D:1      | 708 ||| READING scroll labelled UNKUNT GITUTIL.
   708 | D:1      | 708 ||| ENCHANTING +0 shortbow.
   709 | D:1      | 709 ||| READING scroll labelled QAEWYH WIOJYO.
   709 | D:1      | 709 ||| ENCHANTING +0 ring mail.
   710 | D:1      | 710 ||| DROPPING scroll of butterflies.
   711 | D:1      | 711 ||| DROPPING potion of attraction.
   712 | D:1      | 712 ||| DROPPING potion of ambrosia.
   798 | D:2      | Reached XP level 3. HP: 20/20 MP: 5/5
   953 | D:2      | 953 ||| READING scroll of enchant armour.
   953 | D:2      | 953 ||| ENCHANTING +1 ring mail.
  1278 | D:2      | 1278 ||| UPGRADING to +0 pair of gloves.
  1283 | D:2      | 1283 ||| READING scroll of identify.
  1283 | D:2      | 1283 ||| IDENTIFYING scroll labelled KEBUQ FAGOUDOM
  1284 | D:2      | 1284 ||| READING scroll labelled TELLIE HAAME.
  1285 | D:2      | 1285 ||| DROPPING scroll of noise.
  1287 | D:2      | 1287 ||| Stepping ~*~*~tactically~*~*~ (cloud).
  1287 | D:2      | HP: 4/20 [poisoned by you (poison gas)]
  1288 | D:2      | HP: 1/20 [poisoned by you (poison gas)]
  1289 | D:2      | Succumbed to their own poison gas

Levels and vault maps discovered:
D:1:      kb_arrival_jail, layout_basic, serial_corexii_hall,
          corexii_hall_statues_i, corexii_hall_statues_l,
          minmay_misc_feat_plants
D:2:      layout_basic, serial_curves, eino_curves_04, eino_curves_03,
          chequers_jeans

Skill      XL: |  1  2 |
---------------+-------+-----
Ranged Weapons | 6 |  6.9
Fighting       | |  1.5
Dodging        | |  2.4
Stealth        | |  1.2

Action                     || total
---------------------------++-------
   Fire: Shortbow          ||    77
    Use: Scroll            ||     8
 Armour: Leather armour    ||    14
         Ring mail         ||     5
  Dodge: Dodged            ||    22

Table legend:
 A = Non-vault XP
 B = Vault XP
 C = Vault XP percentage of total XP
 D = Non-vault monster count
 E = Vault monster count
 F = Vault count percentage of total count
                 A         B        C        D         E       F
            +---------+---------+-------+---------+---------+-------
      Total |      61 |       0 |   0.0 |      27 |       0 |   0.0
            +---------+---------+-------+---------+---------+-------
        D:1 |      35 |       0 |   0.0 |      18 |       0 |   0.0
        D:2 |      26 |       0 |   0.0 |       9 |       0 |   0.0
            +---------+---------+-------+---------+---------+-------
